 Dungeon Crawl Stone Soup version bcrawl-1.21 (webtiles) character file.

Game seed: 6877723297141833941

21 Freyura the Skirmisher (level 2, -3/36 HPs)
             Began as a Demonspawn Abyssal Knight on Feb 16, 2020.
             Was a Follower of Lugonu.
             Slain by a worm (6 damage)
             ... on level 2 of the Dungeon.
             The game lasted 00:03:46 (1328 turns).

Freyura the Skirmisher (Demonspawn Abyssal Knight)  Turns: 1328, Time: 00:03:47

Health: -3/36      AC: 21    Str: 17    XL:     2   Next: 62%
Magic:  4/4        EV:  2    Int: 13    God:    Lugonu [*.....]
Gold:   39         SH:  0    Dex: 12    Spells: 1/1 levels left

rFire    + . .     SeeInvis .   a - +1 mace
rCold    + . .     Gourm    .   (no shield)
rNeg     + + +     Faith    .   (armour currently unavailable)
rPois    +         Spirit   .   (helmet currently unavailable)
rElec    +         Reflect  .   (cloak currently unavailable)
rCorr    +         Harm     .   (gloves currently unavailable)
MR       .....     Clarity  +   (boots currently unavailable) Stlth +.........NoTele +
                                (no amulet)
HPRegen  0.12/turn              (no ring)
MPRegen  0.09/turn              (no ring)

@: mighty, tree-form, resistant
A: clarity, demonic guardian 1
a: Depart the Abyss, Bend Space, Renounce Religion


You were on level 2 of the Dungeon.
You worshipped Lugonu.
Lugonu was aware of your devotion.
You were not hungry.
You were a tree.
You visited 1 branch of the dungeon, and saw 2 of its levels.
You visited the Abyss 1 time.

You collected 39 gold pieces.

Inventory:

Hand Weapons
 a - a +1 mace (weapon)
Missiles
 c - 10 tomahawks of dispersal (quivered)
 d - 290 stones
Armour
 b - a +0 leather armour
 o - a +0 ring mail (melded)
Jewellery
 j - an uncursed ring of wizardry {unknown}
Scrolls
 g - 2 scrolls of identify {unknown}
 h - 3 scrolls of remove curse {unknown}
 k - a scroll of fear {unknown}
 l - a scroll of magic mapping {unknown}
 q - a scroll of amnesia {unknown}
Comestibles
 e - 2 rations {!d}


   Skills:
 + Level 3.1 Fighting
 * Level 2.2 Maces & Flails
 - Level 0.8 Throwing
 + Level 2.0 Armour
 + Level 1.2 Dodging
 + Level 3.0 Invocations


You had one spell level left.
You didn't know any spells.
Your spell library was empty.

Dungeon Overview and Level Annotations

Branches:
Dungeon (2/12)

Altars:


Innate Abilities, Weirdness & Mutations

A weak demonic guardian rushes to your aid.
((You have a beak for a mouth.))
((You can translocate small distances at will.))
You possess an exceptional clarity of mind.
((Your system is resistant to poisons. (rPois)))


Message History

You feel protected. The worm barely misses you.
It was a potion of curing.
You feel better.
You sock the worm!
The worm is heavily wounded.
The worm barely misses you.
You barely miss the worm.
The worm is moderately wounded.
The worm bites you!
* * * LOW HITPOINT WARNING * * *
You hit the worm.
The worm is severely wounded.
The worm bites you.
* * * LOW HITPOINT WARNING * * *
It was a potion of might.
You feel very mighty all of a sudden.
It was a potion of lignification.
You turn into a tree.
Your +0 ring mail melds into your body.
Your roots penetrate the ground.
The worm bites you.
You die...

## #.##### ####.....
........#############
#....<.....gw♣)...#
...)....###.#######.#
..............
#######.###..## ..>
.... ..% #..## ##..
...# ......<#


You could see a worm and a hobgoblin.

Vanquished Creatures
  A leopard gecko (D:1)
  An orc (D:2)
  3 hobgoblins
  A quokka (D:2)
  4 bats (D:1)
  2 frilled lizards (D:1)
  4 kobolds (D:1)
  4 rats (D:1)
20 creatures vanquished.

Notes
Turn   | Place    | Note
-------+----------+-------------------------------------------
     0 | Abyss:1  | Freyura the Demonspawn Abyssal Knight began the quest for
                  | the Orb.
     0 | Abyss:1  | Reached XP level 1. HP: 18/18 MP: 2/2
     4 | Abyss:1  | Found an ornate altar of the Wu Jian Council.
    63 | Abyss:1  | Noticed a sky beast
    64 | D:1      | Escaped the Abyss
   155 | D:1      | Reached skill level 1 in Dodging
   482 | D:1      | Reached * piety under Lugonu
   489 | D:1      | Gained mutation: A weak demonic guardian rushes to your
                  | aid. [demonic ancestry]
   489 | D:1      | Reached XP level 2. HP: 14/24 MP: 4/4
  1321 | D:2      | Gained mutation: You possess an exceptional clarity of
                  | mind. [potion of mutation]
  1321 | D:2      | Gained mutation: You can translocate small distances at
                  | will. [potion of mutation]
  1321 | D:2      | Gained mutation: Your system is resistant to poisons.
                  | (rPois) [potion of mutation]
  1321 | D:2      | Gained mutation: You have a beak for a mouth. [potion of
                  | mutation]
  1328 | D:2      | Slain by a worm

Skill      XL: |  1  2 |
---------------+-------+-----
Dodging        | 1 |  1.2
Maces & Flails | 2 |  2.2
Invocations    | 3 |  3.0
Armour         | 2 |  2.0
Fighting       | |  3.1
Throwing       | |  0.8

Action                   || total
-------------------------++-------
Melee: Mace              ||    71
Invok: Depart the Abyss  ||     1
  Use: Potion            ||     5
  Eat: Chunk             ||     1
Armor: Leather armour    ||    23
       Ring mail         ||     5
Dodge: Dodged            ||    54
